ITL
BLUEVILLE 83'S @ CHATTANOOGA CHINPOKOMON
07/25/2029
 
TOP OF THE 1ST
Blueville 83's batting - Pitching for Chattanooga Chinpokomon : RHP Lewis Sweeney
Pitching: RHP Lewis Sweeney
Batting: RHB Daryl Floyd 0-0: Called Strike
0-1: Swinging Strike
0-2: Ball
1-2: Strikes out swinging
Batting: LHB Lorenzo Quintanilla 0-0: Ball
1-0: Ball
2-0: Called Strike
2-1: Swinging Strike
2-2: Ball
3-2: Base on Balls
Batting: RHB Eric Johnson 0-0: Ball
1-0: Ball
2-0: Fly out, F9 (Flyball, 9LMF)
Batting: LHB Brent Alonzo 0-0: Swinging Strike
0-1: Fly out, F6 (Popup, 56)
Top of the 1st over - 0 runs, 0 hits, 0 errors, 1 left on base; Blueville 0 - Chattanooga 0
BOTTOM OF THE 1ST
Chattanooga Chinpokomon batting - Pitching for Blueville 83's : LHP William Watson
Pitching: LHP William Watson
Batting: RHB Ben Barker 0-0: Fly out, F2 (Popup, 2LF)
Batting: RHB Cristo García 0-0: Ground out 5-3 (Groundball, 56)
Batting: RHB Patrick Potts 0-0: Ball
1-0: Ball
2-0: Called Strike
2-1: Ball
3-1: Hit by Pitch
Batting: RHB Jesús Tisnado 0-0: Ball
1-0: Called Strike
1-1: 2-RUN HOME RUN (Line Drive, 7LD), Distance : 344 ft
Batting: LHB José Costa 0-0: Ball
1-0: Called Strike
1-1: Swinging Strike
1-2: Ball
2-2: Foul Ball, location: 2F
2-2: Fly out, F7 (Flyball, 7D)
Bottom of the 1st over - 2 runs, 1 hit, 0 errors, 0 left on base; Blueville 0 - Chattanooga 2
TOP OF THE 2ND
Blueville 83's batting - Pitching for Chattanooga Chinpokomon : RHP Lewis Sweeney
Batting: RHB Carlos Carrillo 0-0: Called Strike
0-1: Ball
1-1: DOUBLE (Line Drive, 7LM)
Batting: RHB Fernando Díaz 0-0: Ball
1-0: Swinging Strike
1-1: Ball
2-1: Foul Ball, location: 2F
2-2: SINGLE (Groundball, 6MD)
Carlos Carrillo to third
Batting: LHB Germán Charfauros 0-0: Swinging Strike
0-1: Called Strike
0-2: Ball
1-2: Strikes out swinging
Batting: SHB Sloan James 0-0: Swinging Strike
0-1: Ball
1-1: Ball
2-1: Ball
3-1: Called Strike
3-2: Strikes out looking
Batting: RHB Kuniaki Kawashima 0-0: Fly out, F8 (Flyball, 8LD)
Top of the 2nd over - 0 runs, 2 hits, 0 errors, 2 left on base; Blueville 0 - Chattanooga 2
BOTTOM OF THE 2ND
Chattanooga Chinpokomon batting - Pitching for Blueville 83's : LHP William Watson
Batting: RHB Felipe Rego 0-0: Ball
1-0: Foul Ball, location: 2F
1-1: Swinging Strike
1-2: Strikes out swinging
Batting: RHB Ichizo Akiyama 0-0: Ball
1-0: Foul Ball, location: 2F
1-1: Foul Ball, location: 2F
1-2: Ball
2-2: Strikes out swinging
Batting: RHB Luis Maldonado 0-0: Foul Ball, location: 2F
0-1: Ball
1-1: Ball
2-1: Foul Ball, location: 2F
2-2: Strikes out swinging
Bottom of the 2nd over - 0 runs, 0 hits, 0 errors, 0 left on base; Blueville 0 - Chattanooga 2
TOP OF THE 3RD
Blueville 83's batting - Pitching for Chattanooga Chinpokomon : RHP Lewis Sweeney
Batting: RHB Daryl Floyd 0-0: Ball
1-0: Ground out 5-3 (Groundball, 56)
Batting: LHB Lorenzo Quintanilla 0-0: Ball
1-0: Ground out 4-3 (Groundball, 4)
Batting: RHB Eric Johnson 0-0: Swinging Strike
0-1: Ball
1-1: Called Strike
1-2: Ball
2-2: Foul Ball, location: 2F
2-2: DOUBLE (Line Drive, 9LM)
Batting: LHB Brent Alonzo 0-0: SINGLE (Flyball, 7S)
Eric Johnson to third
Runner from 3rd tries for Home, SAFE, no throw
Batting: RHB Carlos Carrillo 0-0: DOUBLE (Line Drive, 3D)
Brent Alonzo to third
Runner from 3rd tries for Home, SAFE, no throw
Batting: RHB Fernando Díaz 0-0: Ball
1-0: Fly out, F8 (Flyball, 8LXD)
Top of the 3rd over - 2 runs, 3 hits, 0 errors, 1 left on base; Blueville 2 - Chattanooga 2
BOTTOM OF THE 3RD
Chattanooga Chinpokomon batting - Pitching for Blueville 83's : LHP William Watson
Batting: RHB José Martínez 0-0: Ball
1-0: Ball
2-0: Ball
3-0: Base on Balls
Batting: RHB Ben Barker 0-0: Ball
1-0: Ball
2-0: Called Strike
2-1: SINGLE (Groundball, 15) (infield hit)
José Martínez to second
Batting: RHB Cristo García 0-0: Fly out, F7 (Line Drive, 78S)
Batting: RHB Patrick Potts 0-0: Ball
1-0: Foul Ball, location: 2F
1-1: Fly out, F6 (Line Drive, 6)
Batting: RHB Jesús Tisnado 0-0: Called Strike
0-1: Ball
1-1: Foul Ball, location: 2F
1-2: Fielders Choice at 2nd, 6-4 (Groundball, 6)
Bottom of the 3rd over - 0 runs, 1 hit, 0 errors, 2 left on base; Blueville 2 - Chattanooga 2
TOP OF THE 4TH
Blueville 83's batting - Pitching for Chattanooga Chinpokomon : RHP Lewis Sweeney
Batting: LHB Germán Charfauros 0-0: Ball
1-0: Ball
2-0: Called Strike
2-1: Swinging Strike
2-2: Ball
3-2: Strikes out swinging
Batting: SHB Sloan James 0-0: Fly out, F9 (Flyball, 9D)
Batting: RHB Kuniaki Kawashima 0-0: Ball
1-0: Ball
2-0: Foul Ball, location: 2F
2-1: Foul Ball, location: 2F
2-2: Ball
3-2: Strikes out looking
Top of the 4th over - 0 runs, 0 hits, 0 errors, 0 left on base; Blueville 2 - Chattanooga 2
BOTTOM OF THE 4TH
Chattanooga Chinpokomon batting - Pitching for Blueville 83's : LHP William Watson
Batting: LHB José Costa 0-0: SINGLE (Flyball, 9S)
Batting: RHB Felipe Rego 0-0: Ball
1-0: Swinging Strike
1-1: Ball
2-1: Called Strike
2-2: Strikes out swinging
Batting: RHB Ichizo Akiyama 0-0: Grounds into double play, 6-4-3 (Groundball, 6)
Bottom of the 4th over - 0 runs, 1 hit, 0 errors, 0 left on base; Blueville 2 - Chattanooga 2
TOP OF THE 5TH
Blueville 83's batting - Pitching for Chattanooga Chinpokomon : RHP Lewis Sweeney
Batting: RHB Daryl Floyd 0-0: Swinging Strike
0-1: Ball
1-1: Swinging Strike
1-2: Strikes out looking
Batting: LHB Lorenzo Quintanilla 0-0: Ball
1-0: Called Strike
1-1: Swinging Strike
1-2: Ball
2-2: Foul Ball, location: 2F
2-2: Strikes out looking
Batting: RHB Eric Johnson 0-0: Called Strike
0-1: Called Strike
0-2: Ball
1-2: Strikes out looking
Top of the 5th over - 0 runs, 0 hits, 0 errors, 0 left on base; Blueville 2 - Chattanooga 2
BOTTOM OF THE 5TH
Chattanooga Chinpokomon batting - Pitching for Blueville 83's : LHP William Watson
Batting: RHB Luis Maldonado 0-0: SINGLE (Line Drive, 6MD)
Pitching: RHP Jorge Oliva
Batting: RHB José Martínez 0-0: Swinging Strike
0-1: Called Strike
0-2: Ball
1-2: Foul Ball, location: 2F
1-2: Strikes out swinging
Batting: RHB Ben Barker 0-0: Called Strike
0-1: Foul Ball, location: 2F
0-2: Ball
1-2: Foul Ball, location: 2F
1-2: SINGLE (Groundball, 6MD)
Luis Maldonado to second
Luis Maldonado to third
Batting: RHB Cristo García 0-0: Called Strike
0-1: Ball
1-1: Ball
2-1: Called Strike
2-2: DOUBLE (Flyball, 78D)
Luis Maldonado scores
Ben Barker to third
Runner from 3rd tries for Home, SAFE, no throw
Batting: RHB Patrick Potts 0-0: Swinging Strike
0-1: Foul Ball, location: 2F
0-2: Ball
1-2: Strikes out swinging
Batting: RHB Jesús Tisnado 0-0: Ball
1-0: Fly out, F6 (Line Drive, 56D)
Bottom of the 5th over - 2 runs, 3 hits, 0 errors, 1 left on base; Blueville 2 - Chattanooga 4
TOP OF THE 6TH
Blueville 83's batting - Pitching for Chattanooga Chinpokomon : RHP Lewis Sweeney
Batting: LHB Brent Alonzo 0-0: Called Strike
0-1: Ball
1-1: Ball
2-1: Fly out, F8 (Flyball, 8LM)
Batting: RHB Carlos Carrillo 0-0: Ball
1-0: Fly out, F3 (Line Drive, 3)
Batting: RHB Fernando Díaz 0-0: Ball
1-0: Ground out 6-3 (Groundball, 6)
Top of the 6th over - 0 runs, 0 hits, 0 errors, 0 left on base; Blueville 2 - Chattanooga 4
BOTTOM OF THE 6TH
Chattanooga Chinpokomon batting - Pitching for Blueville 83's : RHP Jorge Oliva
Pitching: RHP Ray Watkins
Batting: LHB José Costa 0-0: Foul Ball, location: 2F
0-1: Ball
1-1: SINGLE (Popup, 6MS)
Batting: RHB Felipe Rego 0-0: Ball
1-0: SINGLE (Line Drive, 56D)
José Costa to second
Batting: RHB Ichizo Akiyama 0-0: Ball
1-0: Called Strike
1-1: Fielders Choice at 2nd, 4-6 (Groundball, 4D)
José Costa to third
Batting: RHB Luis Maldonado 0-0: Called Strike
0-1: Foul Ball, location: 2F
0-2: Ball
Throwing error on steal attempt, E2
José Costa scores
Ichizo Akiyama to third
1-2: Ground out 5-3 (Groundball, 56S)
Batting: RHB José Martínez 0-0: Called Strike
0-1: Swinging Strike
0-2: SINGLE (Groundball, 34D)
Ichizo Akiyama scores
Batting: RHB Ben Barker 0-0: Called Strike
0-1: Ball
1-1: Ball
2-1: Ball
3-1: Called Strike
3-2: Base on Balls
José Martínez to second
Pitching: RHP Javier González
Batting: RHB Cristo García 0-0: Swinging Strike
0-1: Swinging Strike
0-2: Foul Ball, location: 2F
0-2: SINGLE (Line Drive, 9LS)
José Martínez to third
Ben Barker to second
Runner from 3rd tries for Home, SAFE, no throw
Batting: RHB Patrick Potts 0-0: Called Strike
0-1: Called Strike
0-2: Foul Ball, location: 2F
0-2: Fly out, F8 (Line Drive, 8RXD)
Bottom of the 6th over - 3 runs, 4 hits, 1 error, 2 left on base; Blueville 2 - Chattanooga 7
TOP OF THE 7TH
Blueville 83's batting - Pitching for Chattanooga Chinpokomon : RHP Lewis Sweeney
Batting: LHB Germán Charfauros 0-0: Ball
1-0: Swinging Strike
1-1: Swinging Strike
1-2: Strikes out looking
Pitching: RHP José Peña
Batting: SHB Sloan James 0-0: Ball
1-0: Called Strike
1-1: Ball
2-1: Called Strike
2-2: Ball
3-2: Foul Ball, location: 2F
3-2: Ground out 4-3 (Groundball, 4)
Batting: RHB Kuniaki Kawashima 0-0: Foul Ball, location: 2F
0-1: Ball
1-1: Ball
2-1: Foul Ball, location: 2F
2-2: Ball
3-2: Foul Ball, location: 2F
3-2: Ground out 3-1 (Groundball, 34)
Top of the 7th over - 0 runs, 0 hits, 0 errors, 0 left on base; Blueville 2 - Chattanooga 7
BOTTOM OF THE 7TH
Chattanooga Chinpokomon batting - Pitching for Blueville 83's : RHP Javier González
Batting: RHB Jesús Tisnado 0-0: Ball
1-0: Ball
2-0: Called Strike
2-1: Ball
3-1: Foul Ball, location: 2F
3-2: Strikes out swinging
Batting: LHB José Costa 0-0: Ball
1-0: Swinging Strike
1-1: Called Strike
1-2: Strikes out swinging
Batting: RHB Felipe Rego 0-0: Ball
1-0: Ball
2-0: Ball
3-0: Called Strike
3-1: DOUBLE (Flyball, 8LXD)
Batting: RHB Ichizo Akiyama 0-0: Ball
Wild Pitch!
Felipe Rego to third
1-0: Ball
2-0: Called Strike
2-1: Ground out 4-3 (Groundball, 4M)
Bottom of the 7th over - 0 runs, 1 hit, 0 errors, 1 left on base; Blueville 2 - Chattanooga 7
TOP OF THE 8TH
Blueville 83's batting - Pitching for Chattanooga Chinpokomon : RHP José Peña
Now at 1B: Yasutoki Kojima
Batting: RHB Daryl Floyd 0-0: Called Strike
0-1: Called Strike
0-2: Ball
1-2: Strikes out looking
Batting: LHB Lorenzo Quintanilla 0-0: Called Strike
0-1: Ball
1-1: Ball
2-1: Ball
3-1: Base on Balls
Batting: RHB Eric Johnson 0-0: Ball
1-0: Swinging Strike
1-1: Foul Ball, location: 2F
1-2: SINGLE (Flyball, 34D)
Lorenzo Quintanilla to second
Batting: LHB Brent Alonzo 0-0: Foul Ball, location: 2F
0-1: Ball
1-1: Called Strike
1-2: Fielders Choice at 2nd, 3-6 (Groundball, 34)
Lorenzo Quintanilla to third
Batting: RHB Carlos Carrillo 0-0: Ball
1-0: Called Strike
1-1: Ball
2-1: Foul Ball, location: 2F
2-2: Ball
3-2: Base on Balls
Brent Alonzo to second
Batting: RHB Fernando Díaz 0-0: Called Strike
0-1: Ball
1-1: Swinging Strike
1-2: Ball
2-2: Fly out, F4 (Line Drive, 4MD)
Top of the 8th over - 0 runs, 1 hit, 0 errors, 3 left on base; Blueville 2 - Chattanooga 7
BOTTOM OF THE 8TH
Chattanooga Chinpokomon batting - Pitching for Blueville 83's : RHP Javier González
Batting: RHB Luis Maldonado 0-0: Ball
1-0: Ball
2-0: Foul Ball, location: 2F
2-1: Called Strike
2-2: Strikes out swinging
Batting: RHB José Martínez 0-0: Called Strike
0-1: Ground out 6-3 (Groundball, 6)
Batting: RHB Ben Barker 0-0: Called Strike
0-1: Ball
1-1: Ball
2-1: Ball
3-1: Foul Ball, location: 2F
3-2: Fly out, F7 (Flyball, 7D)
Bottom of the 8th over - 0 runs, 0 hits, 0 errors, 0 left on base; Blueville 2 - Chattanooga 7
TOP OF THE 9TH
Blueville 83's batting - Pitching for Chattanooga Chinpokomon : RHP José Peña
Now at 2B: Kyung-bok Cho
Batting: LHB Germán Charfauros 0-0: Ground out U3 (Groundball, 3)
Batting: SHB Sloan James 0-0: Ball
1-0: SINGLE (Line Drive, 9LM)
Batting: RHB Kuniaki Kawashima 0-0: Ball
1-0: Ball
2-0: Called Strike
2-1: Ball
3-1: Base on Balls
Sloan James to second
Pitching: RHP Renaldo Quilh
Batting: RHB Daryl Floyd 0-0: Called Strike
0-1: Ball
1-1: Ball
2-1: Swinging Strike
2-2: Ball
3-2: Strikes out swinging
Batting: LHB Lorenzo Quintanilla 0-0: Ball
1-0: Foul Ball, location: 2F
1-1: Foul Ball, location: 2F
1-2: Ball
2-2: Foul Ball, location: 2F
2-2: Ball
Wild Pitch!
Sloan James to third
Kuniaki Kawashima to second
3-2: Base on Balls
Pitching: RHP Alejandro Hernández
Batting: RHB Eric Johnson 0-0: Called Strike
0-1: Foul Ball, location: 2F
0-2: Ball
1-2: Ball
2-2: Foul Ball, location: 2F
2-2: Ball
3-2: Foul Ball, location: 2F
3-2: Fly out, F8 (Line Drive, 8RM)
Top of the 9th over - 0 runs, 1 hit, 0 errors, 3 left on base; Blueville 2 - Chattanooga 7
Saturday, December 16th, 2017 - OOTP Baseball 18.8 Build 76